 Dungeon Crawl Stone Soup version 0.22-a0-113-gdd6f4a9 (webtiles) character file.

3147 theanonym the Cleaver (level 9, -17/75 HPs)
             Began as a Demonspawn Chaos Knight on Jan 28, 2018.
             Demolished by an ettin (26 damage)
             ... on level 7 of the Dungeon.
             The game lasted 00:15:22 (6788 turns).

theanonym the Cleaver (Demonspawn Chaos Knight)     Turns: 6788, Time: 00:15:32

Health: -17/75     AC: 14    Str: 26    XL:     9   Next: 62%
Magic:  0/9        EV:  7    Int: 14    God:    Xom [..*...]
Gold:   341        SH:  0    Dex: 13    Spells: 8/8 levels left

rFire    . . .     SeeInvis +   a - +1 war axe
rCold    + + +     Gourm    .   (no shield)
rNeg     . . .     Faith    .   x - +0 plate armour {18}
rPois    .         Spirit   +   (helmet unavailable)
rElec    +         Reflect  .   C - +0 cloak
rCorr    .         Harm     .   (no gloves)
MR       .....     Clarity  +   (no boots)
Stlth    ..........             o - amulet of magic regeneration
HPRegen  0.22/turn              i - ring of protection from cold {rC+}
MPRegen  0.47/turn              B - +2 ring of strength

@: mighty, very slightly contaminated, drained
A: horns 3, icy blue scales 1, see invisible, blink, clarity, cold resistance 2,
powered by pain 1, electricity resistance, strong 2, wild magic 3, magic shield,
magic regeneration
a: Blink, Renounce Religion


Innate Abilities, Weirdness & Mutations

You have a pair of large horns on your head.
You are partially covered in icy blue scales. (AC +2)
You sometimes gain a little power by taking damage.
When hurt, damage is shared between your health and your magic reserves.
You regenerate magic rapidly.
You have supernaturally acute eyesight. (SInv)
You can translocate small distances at will.
You possess an exceptional clarity of mind.
Your flesh is very cold resistant. (rC++)
You are resistant to electric shocks. (rElec)
Your muscles are very strong. (Str +4)
Your spells are much harder to cast, but much more powerful.


   Skills:
 + Level 8.4(8.3) Fighting
 * Level 10.4 Axes
 + Level 2.1(2.0) Armour
 - Level 0.8 Dodging


You had 8 spell levels left.
You didn't know any spells.

Skill      XL: |  1  2  3  4  5  6  7  8  9 |
---------------+----------------------------+-----
Axes           | 3 4 5 6 7 9 10 | 10.4
Fighting       | 4 5 6 7 8 |  8.4
Armour         | 2 |  2.1
Dodging        | |  0.8

Action                   |  1- 3 |  4- 6 |  7- 9 || total
-------------------------+-------+-------+-------++-------
Melee: Hand axe          |   117 |    62 |       ||   179
       Headbutt          |     3 |    21 |    45 ||    69
       War axe           |       |    84 |   252 ||   336
Evoke: Wand              |       |     8 |    17 ||    25
  Use: Scroll            |     1 |     5 |    11 ||    17
       Potion            |       |     3 |    10 ||    13
 Stab: Confused          |     1 |       |       ||     1
       Petrified         |     2 |       |       ||     2
       Invisible         |     1 |       |     2 ||     3
       Petrifying        |     1 |       |       ||     1
       Paralysed         |     1 |       |       ||     1
  Eat: Chunk             |     2 |     6 |     7 ||    15
       Ration            |       |       |     1 ||     1
Armor: Leather armour    |    13 |       |       ||    13
       Scale mail        |    45 |    89 |    91 ||   225
       Plate armour      |       |       |    21 ||    21
       Skin              |       |       |    13 ||    13
Dodge: Dodged            |    61 |    89 |   119 ||   269

Inventory:

Hand Weapons
 a - a +1 war axe (weapon)
   (You found it on level 3 of the Dungeon)
 u - a +0 hand axe of chaos
Armour
 g - a +2 leather armour {4}
 h - a +0 scale mail {10}
   (You found it on level 1 of the Dungeon)
 x - a +0 plate armour (worn) {18}
   (You took it off an orc warrior on level 6 of the Dungeon)
 C - a +0 cloak (worn)
   (You took it off Crazy Yiuf on level 6 of the Dungeon)
Jewellery
 i - a ring of protection from cold (left hand) {rC+}
   (You found it on level 2 of the Dungeon)
 o - an amulet of magic regeneration (around neck)
   (You found it on level 2 of the Dungeon)
 p - a +2 ring of intelligence
   (You found it on level 4 of the Dungeon)
 s - a +1 ring of evasion
   (You found it on level 4 of the Dungeon)
 z - a +6 ring of dexterity
   (You found it on level 4 of the Dungeon)
 B - a +2 ring of strength (right hand)
   (You found it on level 2 of the Dungeon)
Wands
 m - a wand of enslavement (19)
   (You found it on level 2 of the Dungeon)
 A - a wand of random effects (18)
   (You found it on level 3 of the Dungeon)
 D - a wand of polymorph (16)
   (You found it on level 4 of the Dungeon)
Scrolls
 b - a scroll of blinking
 d - a scroll of amnesia
 f - a scroll of fog
 j - a scroll of enchant weapon
 l - a scroll of noise
 r - 2 scrolls of identify
 t - 4 scrolls of teleportation {!r}
 y - a scroll of magic mapping
 I - a scroll of remove curse
Potions
 c - a potion of ambrosia
 k - a potion of resistance {unknown}
 n - a potion of mutation
 q - a potion of heal wounds
 v - a potion of flight
 w - a potion of cancellation
 F - a potion of agility {unknown}
 H - a potion of brilliance {unknown}
Comestibles
 e - 10 rations


You were on level 7 of the Dungeon.
You worshipped Xom.
You were a toy of Xom.
You were hungry.

You visited 1 branch of the dungeon, and saw 7 of its levels.

You collected 341 gold pieces.

Dungeon Overview and Level Annotations

Branches:
Dungeon (7/15)             Temple (0/1) D:5

Altars:
Trog
Xom

########.#.....# #...........#.#
.............C## +..8..8..8..'._
########.#.....##
#...........#.#
#.#.#.#..###...8...8...###
########.#.#.#...###....8....###
.........#.#...#.# #+[......'#.#
...### ..#.#...#.# ##.....##..#
...####..#.#...#C# ∆∆###'###.._#
......#..#.#...#@######...######
......# #.#.#.#.##.#.##.##
......# #.#.#......#..#.#
....†.#.. #...........#.#
......#..#...........#.#.#
......#..######..##.##.#.#
......#.. #...........#.#
#....##.. #.##...#.####.###
+.....#..###.###..#.##.....#


You could see an ettin.

Notes
Turn   | Place    | Note
-------+----------+-------------------------------------------
     0 | D:1      | theanonym the Demonspawn Chaos Knight began the quest for the Orb.
     0 | D:1      | Reached XP level 1. HP: 18/18 MP: 1/1
   154 | D:1      | HP: 7/18 [leopard gecko (5)]
   394 | D:1      | Reached skill level 3 in Axes
   434 | D:1      | Gained mutation: You sometimes gain a little power by taking damage. [demonic ancestry]
   434 | D:1      | Reached XP level 2. HP: 24/24 MP: 2/2
   627 | D:1      | XOM: potion effect (invisibility)
   643 | D:1      | XOM: enchant monster (bad)
   646 | D:1      | Gained mutation: When hurt, damage is shared between your health and your magic reserves. [demonic ancestry]
   646 | D:1      | Reached XP level 3. HP: 24/29 MP: 1/3
   919 | D:1      | XOM: give mutations
   919 | D:1      | Gained mutation: You have a pair of small horns on your head. [Xom's grace]
   919 | D:1      | Gained mutation: You have a pair of horns on your head. [Xom's grace]
   919 | D:1      | Gained mutation: Your flesh is cold resistant. (rC+) [Xom's grace]
   997 | D:1      | XOM: divination: detect items
  1065 | D:1      | Noticed a big kobold
  1065 | D:1      | Noticed a big kobold
  1073 | D:1      | Noticed a big kobold
  1073 | D:1      | Noticed a big kobold
  1299 | D:2      | XOM: enchant monster (good)
  1402 | D:2      | Reached skill level 4 in Axes
  1414 | D:2      | Mutation became permanent: You have a pair of small horns on your head. [demonic ancestry]
  1414 | D:2      | Gained mutation: You have a pair of horns on your head. [demonic ancestry]
  1414 | D:2      | Reached XP level 4. HP: 30/37 MP: 4/4
  1887 | D:2      | Found a faded altar of an unknown god.
  2045 | D:3      | Reached skill level 4 in Fighting
  2109 | D:3      | Reached XP level 5. HP: 33/42 MP: 5/5
  2154 | D:3      | XOM: fog
  2213 | D:3      | XOM: mild Erth miscast
  2322 | D:3      | XOM: mild Chrm miscast
  2629 | D:3      | XOM: stat loss: -1 Str (14/15)
  2645 | D:4      | Noticed a necrophage
  2650 | D:4      | HP: 15/42 [iguana (8)]
  2656 | D:3      | HP: 21/42 [adder (2)]
  2658 | D:3      | XOM: harmless Pois miscast
  2660 | D:3      | Reached skill level 5 in Axes
  2663 | D:3      | Killed a necrophage
  2663 | D:3      | Gained mutation: You regenerate magic rapidly. [demonic ancestry]
  2663 | D:3      | Reached XP level 6. HP: 22/49 MP: 6/6
  2844 | D:4      | XOM: draining
  2858 | D:4      | HP: 24/49 [worker ant (2)]
  2864 | D:4      | HP: 19/49 [worker ant (5)]
  3074 | D:4      | Noticed SnubMonkey's ghost (amateur CeHu)
  3088 | D:4      | XOM: give mutation
  3088 | D:4      | Gained mutation: You are clumsy. (Dex -2) [Xom's mischief]
  3177 | D:3      | XOM: give mutations
  3177 | D:3      | Gained mutation: Your spells are a little harder to cast, but a little more powerful. [Xom's grace]
  3177 | D:3      | Gained mutation: You have supernaturally acute eyesight. (SInv) [Xom's grace]
  3177 | D:3      | Gained mutation: Your flesh is very cold resistant. (rC++) [Xom's grace]
  3177 | D:3      | Gained mutation: Your spells are harder to cast, but more powerful. [Xom's grace]
  3187 | D:4      | Reached skill level 5 in Fighting
  3187 | D:4      | Reached skill level 6 in Axes
  3272 | D:4      | XOM: destruction
  3279 | D:4      | Killed SnubMonkey's ghost
  3279 | D:4      | Reached XP level 7. HP: 49/56 MP: 7/7
  3526 | D:4      | XOM: smoke on damage
  3708 | D:5      | Entered Level 5 of the Dungeon
  3761 | D:5      | XOM: 1-stop teleportation journey
  3776 | D:5      | Reached skill level 7 in Axes
  3782 | D:5      | HP: 27/57 [iguana (7)]
  3787 | D:5      | HP: 17/57 [iguana (7)]
  3792 | D:5      | HP: 14/57 [bullfrog zombie (4)]
  3857 | D:5      | XOM: 4-stop teleportation journey
  3872 | D:5      | HP: 27/57 [phantom (5)]
  3880 | D:5      | HP: 17/57 [phantom (5)]
  3882 | D:5      | Reached skill level 6 in Fighting
  4132 | D:5      | Gained mutation: You are partially covered in icy blue scales. (AC +2) [demonic ancestry]
  4132 | D:5      | Reached XP level 8. HP: 64/64 MP: 8/8
  4133 | D:5      | Found a staircase to the Ecumenical Temple.
  4215 | D:5      | XOM: give mutations
  4215 | D:5      | Lost mutation: You are clumsy. (Dex -2) [Xom's grace]
  4215 | D:5      | Gained mutation: You can translocate small distances at will. [Xom's grace]
  4215 | D:5      | Gained mutation: You are resistant to electric shocks. (rElec) [Xom's grace]
  4318 | D:5      | HP: 19/64 [ogre/giant spiked club (23)]
  4320 | D:5      | HP: 7/65 [ogre/giant club (10)]
  4321 | D:5      | Reached skill level 8 in Axes
  4734 | D:6      | Noticed SnubMonkey's ghost (novice CeHu)
  4740 | D:6      | XOM: scenery: create altars
  4744 | D:6      | HP: 25/65 [SnubMonkey's ghost (11)]
  4748 | D:6      | HP: 7/65 [SnubMonkey's ghost (11)]
  4751 | D:6      | Killed SnubMonkey's ghost
  4751 | D:6      | Reached skill level 7 in Fighting
  4751 | D:6      | Reached skill level 9 in Axes
  5067 | D:6      | Mutation became permanent: You have a pair of small horns on your head. [demonic ancestry]
  5067 | D:6      | Gained mutation: You have a pair of horns on your head. [demonic ancestry]
  5067 | D:6      | Reached XP level 9. HP: 68/72 MP: 7/9
  5112 | D:6      | HP: 35/72 [steam dragon] (2)]
  5120 | D:6      | HP: 23/72 [necrophage (3)]
  5122 | D:6      | XOM: scenery: create altars
  5127 | D:6      | HP: 21/72 [necrophage (1)]
  5385 | D:6      | XOM: god gift: 31 arrows {god gift}
  5414 | D:6      | XOM: summons friendly ufetubus
  5430 | D:6      | Noticed a troll
  5431 | D:6      | XOM: divine lightning
  5437 | D:6      | HP: 33/74 [troll (12)]
  5441 | D:6      | XOM: fog
  5443 | D:6      | Killed a troll
  5443 | D:6      | Reached skill level 8 in Fighting
  5444 | D:6      | Reached skill level 10 in Axes
  5675 | D:6      | XOM: scenery: create altars
  5773 | D:6      | HP: 31/74 [orc warrior/dire flail (17)]
  5781 | D:6      | HP: 39/111 [orc warrior/dire flail (3)]
  5788 | D:6      | HP: 23/111 [bullfrog (2)]
  6012 | D:6      | XOM: give mutations
  6012 | D:6      | Gained mutation: Your spells are much harder to cast, but much more powerful. [Xom's grace]
  6012 | D:6      | Gained mutation: Your muscles are strong. (Str +2) [Xom's grace]
  6012 | D:6      | Gained mutation: You have a pair of large horns on your head. [Xom's grace]
  6012 | D:6      | Gained mutation: You possess an exceptional clarity of mind. [Xom's grace]
  6113 | D:6      | XOM: scenery: create altars
  6299 | D:6      | Found a runed door.
  6363 | D:6      | Noticed Crazy Yiuf
  6369 | D:6      | Killed Crazy Yiuf
  6369 | D:6      | Reached skill level 2 in Armour
  6400 | D:7      | XOM: give mutation
  6400 | D:7      | Gained mutation: Your muscles are very strong. (Str +4) [Xom's grace]
  6666 | D:7      | Found a bloodstained altar of Trog.
  6673 | D:7      | Found a shimmering altar of Xom.
  6674 | D:7      | XOM: 4-stop teleportation journey
  6763 | D:7      | Noticed a white ugly thing
  6768 | D:7      | Noticed an ettin
  6768 | D:7      | a white ugly thing changed into an ettin
  6768 | D:7      | XOM: polymorph white ugly thing -> ettin
  6772 | D:7      | HP: 28/75 [ettin (19)]
  6778 | D:7      | HP: 6/75 [ettin (23)]
  6787 | D:7      | XOM: divination: detect items
  6788 | D:7      | Demolished by an ettin

Vanquished Creatures
  The ghost of SnubMonkey the Archer, a novice CeHu of Okawaru (D:6)
  The ghost of SnubMonkey the Archer, an amateur CeHu (D:4)
  A troll (D:6)
  A steam dragon (D:6)
  An orc warrior (D:6)
  A black bear (D:6)
  An ice beast (D:5)
  A sky beast (D:6)
  A phantom (D:5)
  2 necrophages
  2 ogres (D:5)
  A big kobold (D:6)
  2 bullfrogs (D:6)
  4 scorpions
  A crimson imp (D:6)
  A howler monkey (D:6)
  A bullfrog zombie (D:5)
  2 orc priests
  3 hounds
  A bullfrog skeleton (D:6)
  2 orc wizards (D:6)
  Crazy Yiuf (D:6)
  4 iguanas
  4 worker ants
  A hound zombie (D:5)
  A hound skeleton (D:7)
  A howler monkey skeleton (D:4)
  14 adders
  2 oozes
  An adder skeleton (D:5)
  3 worms
  4 dart slugs
  5 leopard geckos
  17 orcs
  5 giant cockroaches
  13 goblins
  7 hobgoblins
  6 jackals (D:2)
  9 kobolds
  2 quokkas
  2 bats
  10 frilled lizards
  2 giant cockroach zombies (D:5)
  A jackal skeleton (D:4)
  A leopard gecko skeleton (D:6)
  A leopard gecko zombie (D:5)
  6 rats
154 creatures vanquished.

Vanquished Creatures (others)
  An orc wizard (D:6)
  An orc (D:6)
2 creatures vanquished.

Grand Total: 156 creatures vanquished

Table legend:
 A = Turns spent in this place as a percentage of turns spent in the entire game.
 B = Non-inter-level travel turns spent in this place as a percentage of non-inter-level travel turns spent in the entire game.
 C = Inter-level travel turns spent in this place as a percentage of turns spent in this place.
 D = Turns resting spent in this place as a percentage of non-inter-level travel turns spent in this place.
 E = Turns spent auto-exploring this place as a percentage of non-inter-level travel turns spent in this place.
 F = Non-inter-level travel turns spent in this place divided by the number of levels of this place that you've seen.
                   A       B       C       D       E      F
               +-------+-------+-------+-------+-------+----------------------
         Total | 100.0 | 100.0 |   3.9 |  32.9 |  49.9 | 931.4
       Dungeon | 100.0 | 100.0 |   3.9 |  32.9 |  49.9 | 931.4
               +-------+-------+-------+-------+-------+----------------------
